 Dungeon Crawl Stone Soup version 0.29.1-12-g30fa7ad0bf (webtiles) character file.

Game seed: 9550133328786072233

140 mopl the Slasher (level 5, -2/32 HPs)
             Began as a Tengu Warper on Jan 5, 2023.
             Slain by an adder (4 damage)
             ... on level 3 of the Dungeon.
             The game lasted 00:04:48 (2049 turns).

mopl the Slasher (Tengu Warper)                     Turns: 2049, Time: 00:04:49

Health: -2/32      AC:  3    Str: 11 (13) XL:     5   Next: 23%
Magic:  9/9        EV: 14    Int: 14      God:
Gold:   111        SH:  0    Dex: 12 (13) Spells: 2/8 levels left

rFire   . . .      SeeInvis .   a - +0 falchion
rCold   . . .      Faith    .   (no shield)
rNeg    . . .      Spirit   .   b - +0 leather armour
rPois   .          Reflect  .   (helmet restricted)
rElec   .          Harm     .   (no cloak)
rCorr   .          Rampage  .   (no gloves)
Will    .....                   (boots unavailable)
Stlth   +.........              (no amulet)
HPRegen 0.10/turn               (no ring)
MPRegen 0.11/turn               (no ring)

@: flying quickly and evasively, quick
A: beak, talons 3, nimble flight
a: no special abilities


You were on level 3 of the Dungeon.
You visited 1 branch of the dungeon, and saw 3 of its levels.

You collected 111 gold pieces.

Inventory:

Hand Weapons
 a - a +0 falchion (weapon)
Missiles
 d - 7 boomerangs of dispersal (quivered)
Armour
 b - a +0 leather armour (worn)
Scrolls
 c - 2 scrolls of blinking
 e - a scroll of identify {unknown}
 f - a scroll of amnesia {unknown}
 h - a scroll of noise {unknown}
 i - 2 scrolls of magic mapping {unknown}
 j - 2 scrolls of fear {unknown}
 k - 3 scrolls of teleportation {unknown}
 l - a scroll of silence {unknown}
 m - a scroll of poison {unknown}
 p - a scroll of immolation {unknown}
 q - 2 scrolls of vulnerability {unknown}
 r - a scroll of enchant armour {unknown}
Potions
 g - 2 potions of heal wounds
 n - 2 potions of attraction {unknown}
 o - a potion of magic {unknown}
 t - a potion of flight {unknown}


   Skills:
 + Level 3.2 Fighting
 * Level 4.7 Long Blades
 - Level 1.0 Throwing
 - Level 1.1 Armour
 - Level 2.1 Dodging
 - Level 2.0 Spellcasting
 - Level 2.4 Translocations
 + Level 1.1 Poison Magic


You had 2 spell levels left.
You knew the following spells:

 Your Spells              Type           Power      Damage    Failure   Level
e - Blink                 Tloc           16%        N/A       19%         2
o - Olgreb's Toxic Radia  Pois           4%         N/A       89%         4

Your spell library contained the following spells:

 Spells                   Type           Power      Damage    Failure   Level
 Sandblast                Erth           2%         2d4       30%         1
 Passwall                 Tmut/Erth      0%         N/A       43%         2
 Gell's Gravitas          Tloc           8%         N/A       34%         3
 Lesser Beckoning         Tloc           8%         N/A       34%         3
 Teleport Other           Tloc           8%         N/A       34%         3
 Stone Arrow              Conj/Erth      2%         3d7       67%         3
 Manifold Assault         Tloc           8%         N/A       97%         5
 Ozocubu's Refrigeration  Ice            0%         4d7       100%        7
 Ignition                 Fire           0%         3d3       100%        8


Dungeon Overview and Level Annotations

Branches:
Dungeon (3/15)

Altars:
Fedhas
Wu Jian
The Shining One

Portals:
Sewer: D:3


Innate Abilities, Weirdness & Mutations

You have a beak for a mouth.
You have claws for feet.
Your magical nature lets you fly swiftly and evasively.


Message History

* * * LOW HITPOINT WARNING * * *
You feel sick.
You feel sick.
Things that are here:
a hobgoblin corpse; a hobgoblin corpse
Found a cyan potion.
Found 21 gold pieces.
Found a stone staircase leading down.
You feel sick.
Found an escape hatch in the floor.
You feel sick.
You feel sick.
You are no longer poisoned.
You now have 99 gold pieces (gained 9).
l - a scroll labelled ZYACSI NACWEDOI You now have 111 gold pieces (gained 12).
t - a cyan potion You hear the slow rusting of a drain nearby.
An adder comes into view.
Found a glowing drain.
Found 11 gold pieces.
Throw: 2 darts (poison)
Press: ? - help, Q - select action, (/) - cycle Shift-Dir - straight line, f - adder
Aim: an adder (38% to hit)
You throw a poisoned dart. The poisoned dart misses the adder.
Unknown command.
Throw: dart (poison)
Press: ? - help, Q - select action, (/) - cycle Shift-Dir - straight line, f/p - adder
Aim: an adder (38% to hit)
You throw a poisoned dart.
The poisoned dart closely misses the adder.
The adder closely misses you.
You closely miss the adder. Your peck misses the adder. The adder bites you.
* * * LOW HITPOINT WARNING * * *
You hit the adder. You claw the adder.
The adder is severely wounded.
The adder bites you.
* * * LOW HITPOINT WARNING * * *
You hit the adder. Your kick misses the adder.
You peck the adder, but do no damage.
The adder is almost dead.
The adder bites you.
You die...

#.........# ..##.
##.......## ....
##.....## #.. #####.##
#. #..# ####. ##.#
#.... #.# # .##.
#####.########..###.
#..@S.....(.........
#.....##..#.#########..
...###. .....# ###.. .
#.#####.... #....
..#~~~#....# ...##.
$.#~~~#.......####.
.#.#~∩~#......g.))g.
..#.#~~~#......#####. .
.####g


You could see an adder.

Vanquished Creatures
  A gnoll (D:3)
  6 adders
  3 worms
  2 dart slugs (D:1)
  7 bats
  5 endoplasms
  4 giant cockroaches
  4 hobgoblins
  7 jackals (D:2)
  4 kobolds
  3 quokkas
  2 ball pythons (D:1)
  2 frilled lizards (D:1)
  6 goblins
  5 rats
61 creatures vanquished.

Notes
Turn   | Place    | Note
-------+----------+-------------------------------------------
     0 | D:1      | mopl the Tengu Warper began the quest for the Orb.
     0 | D:1      | Reached XP level 1. HP: 12/12 MP: 4/4
    83 | D:1      | Reached XP level 2. HP: 10/17 MP: 6/6
    93 | D:1      | Learned a level 2 spell: Blink
   246 | D:1      | Reached skill level 3 in Long Blades
   404 | D:1      | Reached XP level 3. HP: 22/22 MP: 7/7
   530 | D:1      | Found a faded altar of an unknown god.
  1090 | D:2      | Reached skill level 4 in Long Blades
  1090 | D:2      | Reached XP level 4. HP: 22/27 MP: 8/8
  1095 | D:2      | Learned a level 4 spell: Olgreb's Toxic Radiance
  1254 | D:2      | Found an ornate altar of the Wu Jian Council.
  1645 | D:2      | Reached skill level 3 in Fighting
  1832 | D:3      | Found a glowing golden altar of the Shining One.
  1850 | D:3      | Found a blossoming altar of Fedhas.
  1894 | D:3      | Gained mutation: Your magical nature lets you fly swiftly
                  | and evasively. [Tengu growth]
  1894 | D:3      | Reached XP level 5. HP: 14/32 MP: 9/9
  1992 | D:3      | Reached skill level 1 in Poison Magic
  2041 | D:3      | Found a glowing drain.
  2048 | D:3      | HP: 1/32 [adder (2)]
  2049 | D:3      | Slain by an adder

Illustrated notes

Levels and vault maps discovered:
D:1:      lightli_arrival_noodles, layout_basic,
          chequers_ecumenical_altar_grove, minivault_23, nrook_mini_backslash,
          minmay_misc_feat_doors, minmay_unequal
D:2:      layout_basic, basic_altar, guppyfry_early_lair_pool
D:3:      layout_rooms, tso_oasis_becter, mainiacjoe_overflow_boulevard,
          gup_sewer_entry_glass

Skill      XL: |  1  2  3  4  5 |
---------------+----------------+-----
Long Blades    | 3 4 |  4.7
Fighting       | 3 |  3.2
Poison Magic   | 1 |  1.1
Throwing       | |  1.0
Armour         | |  1.1
Dodging        | |  2.1
Spellcasting   | |  2.0
Translocations | |  2.4

Action                   |  1- 3 |  4- 6 || total
-------------------------+-------+-------++-------
Melee: Falchion          |    79 |    77 ||   156
       Kick              |    25 |    19 ||    44
       Peck              |     7 |     9 ||    16
       Punch             |     1 |       ||     1
Throw: Dart              |       |     2 ||     2
  Use: Potion            |       |     2 ||     2
 Stab: Sleeping          |     1 |       ||     1
Armor: Leather armour    |    17 |    18 ||    35
Dodge: Dodged            |    44 |    55 ||    99
